 Dungeon Crawl Stone Soup version 0.30.1-3-gfc49f6343a (webtiles) character file.

Game seed: 2744804922281469890

4155 Wiggles the Severer (level 10, -6/117 HPs)
             Began as a Minotaur Berserker on July 29, 2023.
             Was an Elder of Trog.
             Mangled by a troll (15 damage)
             ... on level 7 of the Dungeon.
             The game lasted 00:09:09 (5788 turns).

Wiggles the Severer (Minotaur Berserker)            Turns: 5788, Time: 00:09:09

Health: -6/117     AC: 11    Str: 26    XL:     10   Next: 7%
Magic:  9/9        EV:  7    Int:  4    God:    Trog [****..]
Gold:   501        SH:  0    Dex: 10    Spells: 9/9 levels left

rFire   + . .        o - +6 war axe "Qaffuon" {flame, rF+ Will+}
rCold   . . .        (no shield)
rNeg    . . .        e - +0 plate armour
rPois   +            (helmet restricted)
rElec   .            (no cloak)
rCorr   .            (no gloves)
SInv    .            (no boots)
Will    +....        (no amulet) Stlth
                     k - ring of poison resistance
HPRegen 0.39/turn    (no ring)
MPRegen 0.11/turn

%: no passive effects
@: berserking, weakened, very quick
A: horns 2, retaliatory headbutt
a: Renounce Religion, Berserk, Trog's Hand, Brothers in Arms


You were on level 7 of the Dungeon.
You worshipped Trog.
Trog was greatly pleased with you.
You visited 1 branch of the dungeon, and saw 7 of its levels.

You collected 523 gold pieces.
You spent 22 gold pieces at shops.

Inventory:

Hand Weapons
 a - a +0 hand axe
 o - the +6 war axe "Qaffuon" (weapon) {flame, rF+ Will+}
   (You found it on level 4 of the Dungeon)

   rF:        It protects you from fire.
   Will:      It increases your willpower.
Missiles
 s - a throwing net (quivered)
Armour
 e - a +0 plate armour (worn)
Jewellery
 k - a ring of poison resistance (left hand)
 q - a ring of positive energy
Scrolls
 g - 5 scrolls of magic mapping
 j - 3 scrolls of teleportation
 m - 2 scrolls of fog
 n - a scroll of torment
Potions
 b - 4 potions of curing
 c - 2 potions of magic {unknown}
 d - 2 potions of flight
 i - 2 potions of haste
 p - a potion of mutation


   Skills:
 - Level 3.7 Fighting
 + Level 16.9 Axes
 + Level 2.2 Throwing
 - Level 2.4 Armour
 - Level 2.2 Dodging


You had 9 spell levels left.
You didn't know any spells.
Your spell library was empty.

Dungeon Overview and Level Annotations

Branches:
Dungeon (7/15)             Temple (0/1) D:7

Altars:
Ashenzari
Dithmenos
Elyvilon
Kikubaaqudgha
Makhleb
Trog
Zin

Shops:
D:1 *   D:2 !


Innate Abilities, Weirdness & Mutations

You have a pair of horns on your head.
You reflexively headbutt those who attack you in melee.


Message History

You kill the white imp!
Trog accepts your kill.
A gnoll bouda comes into view. It is wielding a +0 whip.
The troll bites you! The troll claws you!
The troll claws you but does no damage.
The gnoll bouda gazes fiercely through you!
You feel your attacks grow feeble. The white imp gestures at you.
The puff of frost hits you!
* * * LOW HITPOINT WARNING * * *
Things that are here:
a +0 whip of electrocution; a +0 robe The gnoll bouda gazes fiercely through you!
You feel as though you will be weak longer.
The white imp closely misses you.
A red film seems to cover your vision as you go berserk!
You feel yourself moving faster!
You feel mighty! The troll bites you but does no damage. The troll claws you!
* * * LOW HITPOINT WARNING * * *
The troll claws you.
* * * LOW HITPOINT WARNING * * *
The white imp barely misses you.
You slash the troll! You burn the troll.
The troll is moderately wounded.
You hit the white imp. You burn the white imp. The troll closely misses you.
The troll claws you.
* * * LOW HITPOINT WARNING * * *
The troll completely misses you. The white imp hits you.
* * * LOW HITPOINT WARNING * * *
The white imp freezes you.
* * * LOW HITPOINT WARNING * * *
You slash the troll! You burn the troll.
The troll is severely wounded.
You hit the white imp. You burn the white imp.
You kill the white imp!
Trog accepts your kill.
You slash the troll! You burn the troll. Your headbutt misses the troll.
The troll is almost dead.
The troll bites you!
You die...

#.. #.### ## #..
....# ..# #.#
#...# #.. #.#
#...##..
#.####.#...###..
#.##...........
##.##.#.#..>#
#....@T.g..#
#..#.##.......#
#..#.##########
....#.# .....#.#
#######.# #.# #
#.# # # #. #.##
#


You could see a troll and a gnoll bouda.

Vanquished Creatures
  Pikel (D:7)
  A gargoyle (D:6)
  3 kobold demonologists (D:6)
  A wyvern (D:7)
  A basilisk (D:6)
  Menkaure (D:6)
  A water moccasin (D:6)
  An orc warrior (D:7)
  An ice beast (D:7)
  A black bear (D:6)
  2 ogres
  2 lemures (D:7)
  6 centaurs
  A phantom (D:6)
  4 kobold brigands
  3 scorpions
  A vampire bat (D:5)
  An electric eel (D:7)
  2 hounds
  A jelly (D:5)
  A gnoll bouda (D:6)
  4 orc priests (D:6)
  5 iguanas
  An orc wizard (D:6)
  8 gnolls (D:6)
  8 adders
  2 shadow imps
  3 white imps
  5 worms
  3 dart slugs
  7 orcs
  8 bats
  6 endoplasms
  2 giant cockroaches
  8 goblins
  4 hobgoblins
  4 quokkas
  4 ball pythons
  2 frilled lizards
  16 kobolds
  9 rats
145 creatures vanquished.

Notes
Turn   | Place    | Note
-------+----------+-------------------------------------------
     0 | D:1      | Wiggles the Minotaur Berserker began the quest for the Orb.
     0 | D:1      | Reached XP level 1. HP: 19/19 MP: 0/0
   139 | D:1      | Reached skill level 4 in Axes
   187 | D:1      | Found Demyss's General Store.
   203 | D:1      | Bought a scroll of identify for 22 gold pieces
   256 | D:1      | Reached XP level 2. HP: 27/27 MP: 1/1
   722 | D:2      | Found Fitser's Distillery.
   725 | D:2      | Reached XP level 3. HP: 33/33 MP: 2/2
   728 | D:2      | Reached skill level 5 in Axes
   870 | D:2      | Found a burning altar of Makhleb.
   897 | D:2      | Reached ** piety under Trog
  1207 | D:2      | Reached XP level 4. HP: 40/40 MP: 3/3
  1364 | D:3      | Found a broken altar of Ashenzari.
  1569 | D:3      | Reached skill level 6 in Axes
  1721 | D:3      | Identified the +5 sling "Xuamiet" {freeze, rPois rF+}
  1847 | D:3      | Found an ancient bone altar of Kikubaaqudgha.
  1921 | D:4      | Reached skill level 1 in Throwing
  1938 | D:4      | Noticed a centaur
  1949 | D:4      | Killed a centaur
  1950 | D:4      | Reached skill level 7 in Axes
  1950 | D:4      | Reached XP level 5. HP: 32/46 MP: 4/4
  2042 | D:4      | Identified the +6 war axe "Qaffuon" {flame, rF+ Will+}
  2091 | D:4      | Noticed a centaur
  2098 | D:4      | Killed a centaur
  2099 | D:4      | Reached XP level 6. HP: 36/52 MP: 5/5
  2186 | D:4      | Reached skill level 8 in Axes
  2639 | D:5      | Entered Level 5 of the Dungeon
  2837 | D:5      | Reached skill level 9 in Axes
  2846 | D:5      | Reached *** piety under Trog
  2847 | D:5      | Reached XP level 7. HP: 56/58 MP: 6/6
  3070 | D:5      | Reached skill level 10 in Axes
  3648 | D:6      | Noticed a basilisk
  3648 | D:6      | Found an ancient bone altar of Kikubaaqudgha.
  3657 | D:6      | Killed a basilisk
  3658 | D:6      | Reached skill level 11 in Axes
  3663 | D:6      | Reached XP level 8. HP: 47/66 MP: 7/7
  3792 | D:6      | Found a glowing silver altar of Zin.
  3792 | D:6      | Found a burning altar of Makhleb.
  3793 | D:6      | Noticed a cacodemon
  3793 | D:6      | Noticed an angel
  3895 | D:6      | Reached skill level 12 in Axes
  3913 | D:6      | Noticed Menkaure
  3919 | D:6      | Killed Menkaure
  4086 | D:6      | Found a bloodstained altar of Trog.
  4090 | D:6      | Found a white marble altar of Elyvilon.
  4155 | D:6      | Noticed a kobold demonologist
  4155 | D:6      | Noticed a kobold demonologist
  4155 | D:6      | Noticed a kobold demonologist
  4164 | D:6      | Reached skill level 13 in Axes
  4164 | D:6      | Noticed a rust devil
  4172 | D:6      | Killed a kobold demonologist
  4178 | D:6      | Killed a kobold demonologist
  4179 | D:6      | Reached skill level 14 in Axes
  4179 | D:6      | Reached XP level 9. HP: 71/71 MP: 8/8
  4181 | D:6      | Noticed an orange demon
  4188 | D:6      | Killed a kobold demonologist
  4525 | D:6      | Reached skill level 15 in Axes
  4532 | D:6      | Reached **** piety under Trog
  4695 | D:6      | Found a shadowy altar of Dithmenos.
  4695 | D:6      | Noticed a gargoyle
  4701 | D:6      | Killed a gargoyle
  5199 | D:7      | Reached skill level 16 in Axes
  5366 | D:7      | Found a staircase to the Ecumenical Temple.
  5748 | D:7      | Noticed Pikel
  5756 | D:7      | Killed Pikel
  5757 | D:7      | Reached XP level 10. HP: 68/78 MP: 9/9
  5788 | D:7      | Mangled by a troll

Illustrated notes

Levels and vault maps discovered:
D:1:      wheals_arrival_shading, layout_loops_ring, serial_shops,
          nicolae_shop_tiny_real_fake_doors
D:2:      layout_basic, basic_altar, serial_shops, shop, minmay_tromino_i4
D:3:      layout_loops_cross, lemuel_zombie_altar_kikubaaqudgha,
          mainiacjoe_overflow_boulevard
D:4:      layout_basic, dreamdust_wishing_well, minmay_diced_spiral
D:5:      layout_loops_corners, roderic_batcave, nicolae_nh_ransacked_shop
D:6:      layout_loops_ring, grunt_temple_overflow_order_and_chaos_2,
          nicolae_overflow_hidden_temple, grunt_ministairs_6, glass_columns_b,
          hangedman_feature_mirror, minmay_gold_behind_fungi,
          minmay_statues_item, uniq_menkaure
D:7:      layout_loops_ring, minmay_temple_entry_offerings,
          nicolae_lava_and_water, kennysheep_crisscross, minmay_manual_mail,
          uniq_maggie, uniq_pikel

Skill      XL: |  1  2  3  4  5  6  7  8  9 |
---------------+----------------------------+-----
Axes           | 4 5 7 9 11 14 16 | 16.9
Throwing       | 1 2 |  2.2
Fighting       | |  3.7
Armour         | |  2.4
Dodging        | |  2.2

Action                     |  1- 3 |  4- 6 |  7- 9 | 10-12 || total
---------------------------+-------+-------+-------+-------++-------
  Melee: Hand axe          |    78 |    40 |       |       ||   118
         Headbutt          |    10 |    13 |    29 |       ||    52
         Punch             |     2 |       |       |       ||     2
         War axe           |       |    40 |   160 |     9 ||   209
  Throw: Boomerang         |     6 |       |       |       ||     6
 Invoke: Berserk           |       |       |     3 |     1 ||     4
    Use: Scroll            |       |       |    12 |       ||    12
   Stab: Sleeping          |     1 |       |       |       ||     1
 Armour: Plate armour      |    26 |    52 |    91 |     7 ||   176
  Dodge: Dodged            |    28 |    34 |    43 |     6 ||   111
